 Dungeon Crawl Stone Soup version 0.28-a0-1234-g826d19b2e0 (webtiles) character file.

Game seed: 11423596540590183495

233 r3xj the Skirmisher (level 5, 0/48 HPs)
             Began as a Minotaur Fighter on Dec 23, 2021.
             Slain by an ogre (16 damage)
             ... on level 4 of the Dungeon.
             The game lasted 00:05:28 (2848 turns).

r3xj the Skirmisher (Minotaur Fighter)              Turns: 2848, Time: 00:05:29

Health: 0/48       AC:  8    Str: 23    XL:     5   Next: 75%
Magic:  4/4        EV:  9    Int:  5    God:
Gold:   182        SH:  4    Dex:  9    Spells: 4/4 levels left

rFire   . . .      SeeInvis .   a - +0 flail
rCold   . . .      Faith    .   c - +0 buckler
rNeg    . . .      Spirit   .   b - +0 scale mail
rPois   .          Reflect  .   (helmet restricted)
rElec   .          Harm     .   k - +0 cloak
rCorr   .          Rampage  .   (no gloves)
Will    .....                   (no boots)
Stlth   ..........              (no amulet)
HPRegen 0.16/turn               (no ring)
MPRegen 0.09/turn               (no ring)

@: no status effects
A: horns 2, retaliatory headbutt
a: no special abilities


You were on level 4 of the Dungeon.
You visited 1 branch of the dungeon, and saw 4 of its levels.

You collected 182 gold pieces.

Inventory:

Hand Weapons
 a - a +0 flail (weapon)
Missiles
 s - 15 poisoned darts (quivered)
Armour
 b - a +0 scale mail (worn)
 c - a +0 buckler (worn)
 k - a +0 cloak (worn)
Jewellery
 m - an amulet of guardian spirit
Wands
 n - a wand of flame (7)
Scrolls
 e - 3 scrolls of identify {unknown}
 g - a scroll of fog {unknown}
 i - a scroll of brand weapon {unknown}
 j - 2 scrolls of immolation {unknown}
 l - a scroll of summoning {unknown}
 t - a scroll of teleportation {unknown}
 u - a scroll of vulnerability {unknown}
Potions
 d - a potion of might
 f - a potion of lignification {unknown}
 h - a potion of degeneration {unknown}
 o - a potion of curing {unknown}
 p - a potion of berserk rage {unknown}
 q - 2 potions of brilliance {unknown}
 r - 3 potions of flight {unknown}
 v - a potion of attraction {unknown}


   Skills:
 + Level 5.3 Fighting
 + Level 4.5 Maces & Flails
 + Level 5.3 Armour
 - Level 4.0 Shields


You had 4 spell levels left.
You didn't know any spells.
Your spell library was empty.

Dungeon Overview and Level Annotations

Branches:
Dungeon (4/15)
 Temple: D:4-7

Altars:
Ashenzari
Elyvilon
Makhleb
Sif Muna
Trog
Wu Jian
Yredelemnul
The Shining One

Shops:
D:1 !


Innate Abilities, Weirdness & Mutations

You have a pair of horns on your head.
You reflexively headbutt those who attack you in melee.


Message History

Things that are here:
a +0 club; a goblin corpse You now have 182 gold pieces (gained 12).
Found a chain mail.
No target in view!
Found a stone staircase leading down.
No target in view!
You see here a +0 chain mail.
There is a stone staircase leading down here.
You see here a +0 chain mail.
An ogre comes into view. It is wielding a +0 giant club.
The ogre shouts!
An ogre is nearby!
An ogre is nearby!
An ogre is nearby!
You hit the ogre. Your headbutt misses the ogre.
The ogre is lightly wounded.
You block the ogre's attack.
An ogre is nearby!
You hit the ogre.
The ogre is lightly wounded.
The ogre barely misses you.
A dart slug comes into view.
There are monsters nearby!
You sock the ogre! You headbutt the ogre.
The ogre is heavily wounded.
The ogre hits you with a +0 giant club!!
The ogre hits you with a +0 giant club!!
* * * LOW HITPOINT WARNING * * *
There is a stone staircase leading down here.
You see here a +0 chain mail.
The dart slug bites you but does no damage.
You block the ogre's attack. The dart slug launches a dart at you.
The slug dart hits you but does no damage.
The dart slug launches a dart at you.
The slug dart hits you but does no damage.
There is a stone staircase leading up here.
The ogre hits you with a +0 giant club!
You die...

#### #..### ##....###
##..##>..### ###
##....##.[..###.##
##.)...####....#..#
###.@....# ##.......
...#...O....#
##....##
............# ##..##
............# ##..#
............# ##...##
####......w.#
###.....#
#........###.......##
#..##.........####..#
#.. #........## #..#


You could see an ogre and a dart slug.

Vanquished Creatures
  An orc priest (D:3)
  A centaur skeleton (D:3)
  Jessica (D:2)
  Terence (D:2)
  Robin (D:2)
  4 adders
  5 orcs (D:3)
  5 endoplasms
  17 goblins
  8 hobgoblins
  3 jackals (D:2)
  2 quokkas (D:1)
  4 ball pythons (D:1)
  3 bats
  2 frilled lizards (D:1)
  5 kobolds
  4 rats
67 creatures vanquished.

Notes
Turn   | Place    | Note
-------+----------+-------------------------------------------
     0 | D:1      | r3xj the Minotaur Fighter began the quest for the Orb.
     0 | D:1      | Reached XP level 1. HP: 19/19 MP: 0/0
   222 | D:1      | Reached XP level 2. HP: 27/27 MP: 1/1
   257 | D:1      | Found Viasudiku's Distillery.
   895 | D:2      | Found a faded altar of an unknown god.
   901 | D:2      | Noticed Robin
   927 | D:2      | Reached XP level 3. HP: 33/33 MP: 2/2
  1029 | D:2      | Killed Robin
  1203 | D:2      | Reached XP level 4. HP: 41/41 MP: 3/3
  1517 | D:2      | Noticed Jessica
  1523 | D:2      | Killed Jessica
  1610 | D:2      | Noticed Terence
  1620 | D:2      | Killed Terence
  1621 | D:2      | Reached XP level 5. HP: 37/47 MP: 4/4
  1879 | D:3      | Found a basalt altar of Yredelemnul.
  1902 | D:3      | Reached skill level 5 in Fighting
  1902 | D:3      | Reached skill level 5 in Armour
  2091 | D:3      | Found a white marble altar of Elyvilon.
  2091 | D:3      | Found a broken altar of Ashenzari.
  2173 | D:3      | Found a burning altar of Makhleb.
  2179 | D:3      | Found a bloodstained altar of Trog.
  2181 | D:3      | Found a glowing golden altar of the Shining One.
  2186 | D:3      | Found an ornate altar of the Wu Jian Council.
  2633 | D:3      | Found a shimmering blue altar of Sif Muna.
  2784 | D:4      | Noticed an ogre
  2848 | D:4      | Slain by an ogre

Illustrated notes

Levels and vault maps discovered:
D:1:      amcnicky_arrival_wind_blow, layout_loops_ring, serial_shops,
          nicolae_shop_stone, minmay_tetromino_t2
D:2:      layout_loops_ring, hellmonk_ecumenical_altar_pennies_from_heaven,
          uniq_jessica, uniq_robin, uniq_terence
D:3:      layout_loops_ring, lemuel_blue_sif_altar,
          mainiacjoe_overflow_alcove_4, nicolae_overflow_hallway_of_the_gods,
          serial_aquarium, aquarium_bridge_square [aquarium_subvault_bridge,
          aquarium_subvault_bridge, aquarium_subvault_window,
          aquarium_subvault_wall], aquarium_window_1, aquarium_window_1,
          aquarium_window_2, aquarium_window_1, aquarium_view_2c,
          aquarium_pool_S, minivault_25
D:4:      layout_layer_cave, marbit_many_paths, small_statue_intersection,
          minmay_small_thing

Skill      XL: |  1  2  3  4  5 |
---------------+----------------+-----
Fighting       | 4 5 |  5.3
Armour         | 4 5 |  5.3
Shields        | 4 |  4.0
Maces & Flails | 3 4 |  4.5

Action                   |  1- 3 |  4- 6 || total
-------------------------+-------+-------++-------
Melee: Flail             |    87 |    76 ||   163
       Headbutt          |    12 |    10 ||    22
Armor: Scale mail        |    48 |    40 ||    88
Dodge: Dodged            |    58 |    35 ||    93
Block: Buckler           |    24 |    17 ||    41

Table legend: (Time is in decaauts)
 A = Elapsed time spent in this place.
 B = Non-inter-level travel time spent in this place.
 C = Inter-level travel time spent in this place.
 D = Time resting spent in this place.
 E = Time spent auto-exploring this place.
 F = Levels seen in this place.
 G = Mean time per level.
                   A        B        C        D        E       F      G
               +--------+--------+--------+--------+--------+-----+--------+
         Total |   2888 |   2774 |    114 |     55 |   2184 |   4 |  722.0 |
       Dungeon |   2888 |   2774 |    114 |     55 |   2184 |   4 |  722.0 |
               +--------+--------+--------+--------+--------+-----+--------+

Top non-repeatable levels by time:
     D:3: 980 daAuts
     D:2: 918 daAuts
     D:1: 874 daAuts
     D:4: 115 daAuts
